 Dungeon Crawl Stone Soup version 0.21.1-1-g345015f (webtiles) character file.

2605 homeworkjunkie the Cleaver (level 9, -2/78 HPs)
             Began as a Hill Orc Fighter on Mar 2, 2018.
             Was a Believer of Okawaru.
             Slain by a gnoll sergeant
             ... wielding a +0 glaive
              (5 damage)
             ... in a bailey.
             The game lasted 00:14:39 (7776 turns).

homeworkjunkie the Cleaver (Hill Orc Fighter)       Turns: 7776, Time: 00:14:40

Health: -2/78      AC: 16    Str: 20    XL:     9   Next: 59%
Magic:  11/11      EV:  6    Int:  8    God:    Okawaru [**....]
Gold:   382        SH: 10    Dex: 12    Spells: 8/8 levels left

rFire    . . .     SeeInvis .   a - +2 war axe
rCold    . . .     Gourm    .   c - +0 shield
rNeg     . . .     Faith    .   t - +3 chain mail
rPois    .         Spirit   .   (no helmet)
rElec    .         Reflect  .   q - +2 cloak
rCorr    .         Harm     .   (no gloves)
MR       +....                  (no boots)
Stlth    ..........             m - amulet of rage
HPRegen  0.23/turn              j - ring of protection from magic
MPRegen  0.12/turn              s - ring of flight

@: no status effects
A: no striking features
a: Heroism, Renounce Religion, Evoke Berserk Rage, Evoke Flight


You were in a bailey.
You worshipped Okawaru.
Okawaru was pleased with you.
You were full.

You visited 2 branches of the dungeon, and saw 9 of its levels.
You also visited: Bailey.

You collected 466 gold pieces.
You spent 84 gold pieces at shops.

Inventory:

Hand Weapons
 a - a +2 war axe (weapon)
 p - a +0 battleaxe of venom
Armour
 c - a +0 shield (worn)
 q - a +2 cloak (worn)
 t - a +3 chain mail (worn)
Jewellery
 j - a ring of protection from magic (left hand)
 m - an amulet of rage (around neck)
 s - a ring of flight (right hand)
Wands
 d - a wand of flame (29)
Scrolls
 b - 5 scrolls of teleportation
 k - 3 scrolls of immolation
 o - 3 scrolls of remove curse
 r - 5 scrolls of identify
Potions
 e - a potion of mutation
 f - a potion of agility
 g - 2 potions of brilliance
 h - 2 potions of flight
 n - 2 potions of berserk rage
Comestibles
 l - 7 rations


   Skills:
 * Level 6.6 Fighting
 * Level 11.4 Axes
 * Level 6.1 Armour
 + Level 1.2 Dodging
 + Level 0.2 Stealth
 * Level 6.2 Shields
 * Level 3.6 Evocations


You had 8 spell levels left.
You didn't know any spells.

Dungeon Overview and Level Annotations

Branches:
Dungeon (8/15)             Temple (1/1) D:4
   Lair: D:8-11

Altars:
Ashenzari
Cheibriados
Dithmenos
Elyvilon
Fedhas
Gozag
Kikubaaqudgha
Makhleb
Nemelex Xobeh
Okawaru
Qazlal
Ru
Sif Muna
Trog
Uskayaw
Vehumet
Wu Jian
Yredelemnul
Zin
The Shining One
Beogh

Shops:
D:6 *


Message History

The gnoll sergeant hits you with a halberd!
The gnoll sergeant barely misses you.
You slash the gnoll sergeant!
The gnoll sergeant is almost dead.
You block the gnoll sergeant's attack.
The gnoll sergeant hits you with a halberd!
* * * LOW HITPOINT WARNING * * *
The gnoll shaman hits you from afar with a spear.
* * * LOW HITPOINT WARNING * * *
The gnoll sergeant hits you from afar with a halberd.
* * * LOW HITPOINT WARNING * * *
You slash the gnoll sergeant!
You kill the gnoll sergeant!
Okawaru accepts your kill.
The gnoll sergeant hits you from afar with a glaive!
* * * LOW HITPOINT WARNING * * *
The gnoll sergeant hits you but does no damage.
The gnoll shaman hits you but does no damage.
The gnoll sergeant hits you from afar with a glaive.
You die...

♣≈..#.....g... #..
♣≈..#.....##### #..
♣≈..#.)..##...## #..
♣≈..##'###.....######..
♣≈....(.#......)#...'..
♣≈....).'...8.)))...'..
♣≈...ggg#.....))#[..'..
♣≈..##)###.....######..
♣≈..#.@..##...##..+ #..
♣≈..#..)).#####...# #..
♣≈..#.......)))...# #..
♣≈..##.....)#))...# #..
♣≈...##.8...#...8.###..
♣≈≈.. #############...≈
♣♣≈≈≈ ≈≈≈≈≈≈≈≈≈≈
♣♣♣♣♣♣♣♣♣♣


You could see 2 gnoll sergeants and a gnoll shaman.

Vanquished Creatures
  An orc warrior (D:8)
  2 ice beasts
  An ogre (D:4)
  Blork the orc (D:4)
  A big kobold (D:8)
  6 gnoll sergeants (Bailey)
  2 scorpions
  A howler monkey (D:4)
  3 crimson imps
  5 jellies
  8 orc priests
  2 centaur skeletons
  A centaur zombie (D:8)
  5 hounds
  A bullfrog skeleton (D:5)
  4 gnoll shamans (Bailey)
  Jessica (D:2)
  An iguana (D:6)
  4 orc wizards
  3 worker ants
  A hound skeleton (D:4)
  18 gnolls
  7 adders
  2 shadow imps
  An adder zombie (D:6)
  9 oozes (D:2)
  An adder skeleton (D:4)
  2 worms (D:3)
  5 leopard geckos
  37 orcs
  11 bats
  8 giant cockroaches
  5 goblins
  10 hobgoblins
  21 jackals
  4 quokkas
  A ball python (D:6)
  5 frilled lizards
  10 kobolds
  A leopard gecko skeleton (D:6)
  6 rats
218 creatures vanquished.

Vanquished Creatures (others)
  4 fungi (D:2)
  6 toadstools (D:2)
10 creatures vanquished.

Grand Total: 228 creatures vanquished

Notes
Turn   | Place    | Note
-------+----------+-------------------------------------------
     0 | D:1      | homeworkjunkie the Hill Orc Fighter began the quest for the Orb.
     0 | D:1      | Reached XP level 1. HP: 19/19 MP: 1/1
    37 | D:1      | Reached XP level 2. HP: 25/27 MP: 2/2
   155 | D:2      | Reached skill level 3 in Axes
   275 | D:3      | Reached XP level 3. HP: 25/33 MP: 3/3
   350 | D:3      | Reached skill level 4 in Axes
   363 | D:4      | Reached XP level 4. HP: 28/41 MP: 4/4
   650 | D:3      | Reached skill level 5 in Axes
   651 | D:3      | Reached XP level 5. HP: 26/47 MP: 5/5
   657 | D:3      | HP: 2/47 [gnoll/halberd (8)]
  1368 | D:4      | Noticed an ogre
  1375 | D:4      | Killed an ogre
  1375 | D:4      | Reached skill level 6 in Axes
  1375 | D:4      | Reached XP level 6. HP: 16/55 MP: 6/6
  2164 | D:2      | Noticed Jessica
  2167 | D:2      | Killed Jessica
  2228 | D:2      | Reached skill level 7 in Axes
  2306 | D:2      | Reached skill level 5 in Fighting
  2313 | D:2      | Reached XP level 7. HP: 21/61 MP: 7/7
  3493 | D:5      | Entered Level 5 of the Dungeon
  3548 | D:4      | Noticed Blork the orc
  3561 | D:4      | Killed Blork the orc
  3565 | D:4      | Reached skill level 8 in Axes
  3565 | D:4      | Reached skill level 1 in Evocations
  4053 | D:4      | Found a staircase to the Ecumenical Temple.
  4098 | Temple   | Entered the Ecumenical Temple
  4191 | Temple   | Became a worshipper of Warmaster Okawaru
  4405 | D:4      | Reached skill level 9 in Axes
  4405 | D:4      | Reached XP level 8. HP: 45/68 MP: 8/8
  4975 | D:6      | Found Cutaum's General Store.
  5230 | D:6      | Reached skill level 5 in Armour
  5390 | D:5      | Found a bloodstained altar of Trog.
  5390 | D:5      | Found a shattered altar of Ashenzari.
  5393 | D:5      | Found a glowing golden altar of the Shining One.
  5721 | D:6      | Reached skill level 5 in Shields
  5802 | D:6      | Reached * piety under Okawaru
  5802 | D:6      | Reached skill level 10 in Axes
  5860 | D:6      | Bought a scroll of immolation for 45 gold pieces
  5860 | D:6      | Bought a potion of curing for 39 gold pieces
  6350 | D:8      | Found an ornate altar of the Wu Jian Council.
  6448 | D:8      | Found a roughly hewn altar of Beogh.
  6471 | D:8      | HP: 3/70 [orc/whip of flaming (1)]
  6483 | D:8      | Reached XP level 9. HP: 21/75 MP: 10/10
  6674 | D:8      | Reached skill level 11 in Axes
  6689 | D:8      | Reached ** piety under Okawaru
  6756 | D:8      | Found a flagged portal.
  6763 | Bailey   | Entered a bailey
  7084 | Bailey   | Reached skill level 1 in Dodging
  7776 | Bailey   | HP: 3/78 [gnoll sergeant/glaive (9)]
  7776 | Bailey   | Slain by a gnoll sergeant

Skill      XL: |  1  2  3  4  5  6  7  8  9 |
---------------+----------------------------+-----
Fighting       | 4 5 6 |  6.6
Axes           | 3 4 5 6 7 9 10 11 | 11.4
Armour         | 4 5 6 |  6.1
Shields        | 4 5 6 |  6.2
Evocations     | 1 2 3 |  3.6
Dodging        | 1 |  1.2
Stealth        | |  0.2

Action                   |  1- 3 |  4- 6 |  7- 9 || total
-------------------------+-------+-------+-------++-------
Melee: War axe           |    85 |   153 |   429 ||   667
Evoke: Wand              |       |     3 |    13 ||    16
  Use: Scroll            |       |    10 |     5 ||    15
       Potion            |       |     3 |    10 ||    13
  Eat: Ration            |       |     2 |     6 ||     8
Armor: Scale mail        |    37 |     8 |       ||    45
       Chain mail        |       |    61 |   208 ||   269
Dodge: Dodged            |    29 |    25 |   143 ||   197
Block: Shield            |    45 |    79 |   249 ||   373
